AoeStats
← hotzmann

Black Forest

509717004Analyzed
4v4 RM · 5d ago on Sep 27, 2026· 45m 46s· 8 players
Game mode
Random Map
Map size
Large (8 player)
Population
200
Speed
Normal
Resources
Standard
Victory
Conquest
Starting age
Dark Age
Ending age
Imperial Age
RankedLock teamsTeams togetherTeam positionsShared explorationLock speedFull tech treeHidden civsTurbo modeCheats
Victory
Defeat
🇲🇽 Britons · Mexico
1238
+12
🇫🇮 Teutons · Finland
1138
+16
🇫🇷 Mongols · France
1117
+17
🇺🇸 Cumans · United States
1093
+17
🇺🇸 Hindustanis · United States
1146
-16
🇲🇽 Byzantines · Mexico
1143
-16
🇦🇷 Chinese · Argentina
1125
-15
🇧🇷 Saxons · Brazil
1120
-15
hotzmann
11:01 Feudal Age
15:08 Castle Age
14:39 Horse Collar
14:55 Double-Bit Axe
16:54 Wheelbarrow
18:20 Bow Saw
20:08 Loom
25:01 Gold Mining
29:19 Scale Mail Armor
29:30 Forging
34:01 Imperial Age
33:54 Iron Casting
33:40 Hand Cart
33:50 Stone Mining
34:30 Elite Ghulam
35:53 Chain Mail Armor
35:41 Squires
35:26 Arson
37:02 Blast Furnace
38:16 Grand Trunk Road
40:31 Masonry
40:44 Fletching
aaaaaaa
0:26 Loom
10:30 Feudal Age
15:15 Double-Bit Axe
18:31 Castle Age
17:35 Gold Mining
17:39 Horse Collar
18:11 Stone Mining
K
2:34 Loom
10:24 Feudal Age
10:40 Man-at-Arms
12:01 Double-Bit Axe
14:31 Fletching
24:06 Castle Age
23:56 Forging
24:04 Scale Mail Armor
24:10 Pikeman
27:57 Squires
33:58 Imperial Age
33:10 Padded Archer Armor
38:52 Wheelbarrow
38:32 Bow Saw
40:06 Bodkin Arrow
42:28 Guard Tower
44:08 Keep
45:34 Bracer
BP MonoSimon
0:55 Loom
13:46 Feudal Age
14:16 Double-Bit Axe
14:16 Horse Collar
24:48 Castle Age
23:29 Fletching
24:16 Padded Archer Armor
25:28 Pikeman
26:48 Bodkin Arrow
27:06 Forging
26:56 Scale Mail Armor
27:01 Squires
29:34 Thumb Ring
31:39 Caravan
35:50 Imperial Age
34:54 Ballistics
36:10 Careening
36:23 Leather Archer Armor
37:43 Chemistry
41:25 Husbandry
41:36 Bloodlines
41:44 Halberdier
41:49 Cavalier
41:59 Light Cavalry
Infuze_Sigma
10:04 Feudal Age
8:25 Loom
11:31 Double-Bit Axe
14:55 Castle Age
14:02 Horse Collar
18:32 Bow Saw
19:04 Wheelbarrow
19:02 Scale Barding Armor
25:15 Gold Mining
26:10 Heavy Plow
26:48 Gold Shaft Mining
30:35 Imperial Age
28:45 Fletching
28:56 Padded Archer Armor
29:18 Ballistics
29:52 Bodkin Arrow
30:58 Chain Barding Armor
30:48 Elite Mangudai
33:44 Bloodlines
33:35 Husbandry
32:56 Light Cavalry
33:41 Bracer
33:57 Leather Archer Armor
34:03 Chain Barding Armor
33:54 Forging
34:04 Onager
40:37 Conscription
40:04 Hussar
42:25 Chemistry
43:44 Iron Casting
El Fantasma de Pancho Villa
10:05 Loom
15:02 Feudal Age
15:17 Man-at-Arms
16:20 Double-Bit Axe
16:36 Scale Mail Armor
16:46 Forging
23:52 Wheelbarrow
33:27 Castle Age
32:33 Horse Collar
33:43 Long Swordsman
33:48 Capped Ram
35:01 Chain Mail Armor
34:52 Heavy Plow
36:42 Hand Cart
37:29 Iron Casting
41:03 Imperial Age
38:43 Fletching
39:37 Bodkin Arrow
42:10 Two-Handed Swordsman
42:10 Pikeman
43:23 Plate Mail Armor
43:53 Blast Furnace
42:40 Siege Ram
43:35 Gold Mining
43:36 Stone Mining
43:45 Champion
Boywars
0:29 Loom
12:39 Feudal Age
16:48 Castle Age
15:31 Double-Bit Axe
16:14 Horse Collar
17:37 Crossbowman
22:00 Fletching
22:11 Padded Archer Armor
25:39 Gold Mining
26:19 Heavy Plow
27:00 Bodkin Arrow
33:36 Imperial Age
31:28 Ballistics
33:12 Wheelbarrow
32:59 Leather Archer Armor
34:26 Bracer
35:30 Chemistry
33:55 Arbalester
38:08 Man-at-Arms
38:48 Squires
38:34 Gambesons
41:42 Yeomen
41:42 Conscription
swippy
1:03 Loom
14:24 Feudal Age
32:03 Castle Age
30:40 Double-Bit Axe
30:38 Horse Collar
31:34 Gold Mining
37:16 Imperial Age
35:46 Bloodlines
35:01 Pikeman
35:44 Scale Mail Armor
35:54 Forging
36:32 Heavy Plow
36:45 Bow Saw
37:33 Chain Mail Armor
38:27 Halberdier
41:14 Plate Mail Armor
45:49 Iron Casting
Connection lost

Rejoining the realm…

Still unreachable

The connection could not be restored.

Session expired

The server has moved on; the page needs a fresh start.